 Dungeon Sprint DCSS version 0.18-a0-1551-g40744a8 (webtiles) character file.

2368 pipel the Arsonist (level 9, -2/49 HPs)
             Began as a Deep Elf Fire Elementalist on Mar 11, 2016.
             Was the Champion of Vehumet.
             Engulfed by a fire crab's flame (19 damage)
             ... in the Dungeon (Sprint VII: "The Pits").
             The game lasted 00:13:18 (1322 turns).

pipel the Arsonist (Deep Elf Fire Elementalist)     Turns: 1322, Time: 00:13:19

Health: -2/49      AC:  5    Str:  5    XL:     9   Next: 21%
Magic:  8/28       EV: 19    Int: 23    God:    Vehumet [******]
Gold:   0          SH:  0    Dex: 16    Spells: 9 memorised, 8 levels left

rFire  . . .     SeeInvis .     a - staff of energy
rCold  . . .     Gourm    .     p - +0 robe
rNeg   . . .     Faith    .     (no shield)
rPois  .         Spirit   .     A - +0 helmet
rElec  .         Dismiss  .     (no cloak)
rCorr  .         Reflect  .     (no gloves)
SustAt .         Harm     .     C - +0 pair of boots
MR     .....     Rnd*Rage +     (no amulet)
Stlth  ++........ NoTele   +    (no ring)
                                (no ring)

@: very slightly contaminated, delayed fireball, not resistant to hostile
enchantments, unstealthy
A: hooves 1, molten scales 1, berserk 2
a: Renounce Religion, Release Delayed Fireball


You were in the Dungeon.
You worshipped Vehumet.
Vehumet was exalted by your worship.
You were not hungry.

You visited 1 branch

Inventory:

Hand Weapons
 b - a +2 trident
 k - a +2 quarterstaff
 w - a +1 quarterstaff of speed
 x - a +0 trident of piercing
 D - a +2 halberd of venom
 E - a +4 quarterstaff of protection
Missiles
 o - 15 stones (quivered)
 v - 2 tomahawks
Armour
 p - a +0 robe (worn)
 A - a +0 helmet (worn)
 B - a +3 plate armour
 C - a +0 pair of boots (worn)
Magical Staves
 a - an uncursed staff of energy (weapon)
Jewellery
 f - a +3 ring of dexterity
 y - a +3 ring of protection
Scrolls
 q - 2 scrolls of remove curse
 r - 5 scrolls of amnesia
 s - a scroll of summoning
 t - 2 scrolls of vulnerability
Potions
 d - 6 potions of curing
 e - 9 potions of heal wounds
 g - 4 potions of magic
 h - 4 potions of berserk rage
 n - a potion of invisibility
 u - a potion of haste
 z - a potion of agility
Books
 j - a book of Flames

   Spells                             Type                      Level
   a - Flame Tongue                   Conjuration/Fire             1
   b - Throw Flame                    Conjuration/Fire             2
   c - Conjure Flame                  Conjuration/Fire             3
   d - Inner Flame                    Hexes/Fire                   3
   e - Sticky Flame                   Conjuration/Fire             4
   f - Fireball                       Conjuration/Fire             5
Comestibles
 c - 7 bread rations
 l - 40 fruits
 m - 7 meat rations


   Skills:
 + Level 2.8 Fighting
 + Level 2.3 Polearms
 + Level 10.2 Dodging
 - Level 2.7 Stealth
 + Level 13.4 Spellcasting
 + Level 8.3 Conjurations
 + Level 5.1 Hexes
 + Level 14.0 Fire Magic
 + Level 1.6 Air Magic


You had 8 spell levels left.
You knew the following spells:

 Your Spells              Type           Power        Failure   Level  Hunger
a - Flame Tongue          Conj/Fire      #####        1%          1    None
b - Magic Dart            Conj           ####         1%          1    None
c - Conjure Flame         Conj/Fire      ######..     1%          3    None
d - Stone Arrow           Conj/Erth      ####..       1%          3    None
e - Delayed Fireball      Conj/Fire      N/A          10%         7    None
f - Fireball              Conj/Fire      ######....   1%          5    None
i - Inner Flame           Hex/Fire       ######..     1%          3    None
s - Sticky Flame          Conj/Fire      ######..     1%          4    None
A - Airstrike             Air            ###.......   7%          4    None


Dungeon Overview and Level Annotations

Branches:
Dungeon (1/1)

Altars:
Ashenzari
Cheibriados
Dithmenos
Elyvilon
Fedhas
Gozag
Kikubaaqudgha
Makhleb
Nemelex Xobeh
Okawaru
Pakellas
Qazlal
Ru
Sif Muna
Trog
Vehumet
Xom
Yredelemnul
Zin
The Shining One
Beogh
Jiyva
Lugonu


Innate Abilities, Weirdness & Mutations

You have large cloven feet.
You are partially covered in molten scales (AC +1).
You often lose your temper in combat.


Message History

Press: ? - help, Shift-Dir - straight line, f/p - fire crab
Aim: a fire crab (lightly wounded)
The stone arrow misses the fire crab.
You now have 11/28 mp.
Casting: Stone Arrow
Confirm with . or Enter, or press ? or * to list all spells.
Aiming: Stone Arrow
Press: ? - help, Shift-Dir - straight line, f/p - fire crab
Aim: a fire crab (lightly wounded)
The stone arrow hits the fire crab.
The fire crab is moderately wounded.
The fire crab breathes flames at you. The blast of flame engulfs you!
You take 4 damage, and have 38/49 hp.
You now have 8/28 mp.
You are engulfed in roaring flames.
The fire crab breathes flames at you. The blast of flame engulfs you!
You take 21 damage, and have 17/49 hp.
MASSIVE DAMAGE!!
You are engulfed in roaring flames.
You die...

'##############++######
.'..##................#
.#..##......#..#......#
'#####................+
.....'................+
'#####......#..#......#
.#..##................#
.'..#####'#####''######
##[###.......##§@#######
....##.......##§§§§.....
....##.......##§§§§.....
'#####...<...##§.#####..
))[.##.......##.§')).#
).[.##.......##.t#.))#
######.......##.W#...#
##..###########..#####.+
.#.############...§....#


You could see a fire crab and a freezing wraith.

Vanquished Creatures
  An unseen horror (D)
  An eye of devastation (D)
  A molten gargoyle (D)
  A bog body (D)
  A shadow (D)
  A hungry ghost (D)
  2 sky beasts (D)
  An eye of draining (D)
  An ogre (D)
  A wolf (D)
  A scorpion (D)
  A jelly (D)
  A crimson imp (D)
  A hound (D)
  An orc priest (D)
  An orc wizard (D)
  4 sheep (D)
  A river rat (D)
  A giant eyeball (D)
  An ufetubus (D)
  2 oozes (D)
  2 giant geckos (D)
  4 orcs (D)
  A ball python (D)
  A giant cockroach (D)
  A hobgoblin (D)
  A kobold (D)
  A bat (D)
  A giant newt (D)
  2 rats (D)
40 creatures vanquished.

Notes
Turn   | Place    | Note
--------------------------------------------------------------
     0 | D        | pipel the Deep Elf Fire Elementalist began the quest for the Orb.
     0 | D        | Reached XP level 1. HP: 10/10 MP: 6/6
    11 | D        | Reached skill level 4 in Fire Magic
    32 | D        | Found a sacrificial altar of Ru.
    32 | D        | Found a basalt altar of Yredelemnul.
    32 | D        | Found a shadowy altar of Dithmenos.
    32 | D        | Found a deep blue altar of Sif Muna.
    32 | D        | Found a burning altar of Makhleb.
    32 | D        | Found a shimmering altar of Xom.
    32 | D        | Found an ancient bone altar of Kikubaaqudgha.
    32 | D        | Found a sparkling altar of Nemelex Xobeh.
    33 | D        | Found a glowing golden altar of the Shining One.
    33 | D        | Found a bloodstained altar of Trog.
    33 | D        | Found a shattered altar of Ashenzari.
    33 | D        | Found a white marble altar of Elyvilon.
    33 | D        | Found a snail-covered altar of Cheibriados.
    33 | D        | Found a blossoming altar of Fedhas.
    33 | D        | Found a radiant altar of Vehumet.
    33 | D        | Found a glowing silver altar of Zin.
    33 | D        | Found a corrupted altar of Lugonu.
    33 | D        | Found a viscous altar of Jiyva.
    33 | D        | Found a roughly hewn altar of Beogh.
    33 | D        | Found an iron altar of Okawaru.
    34 | D        | Found an oddly glowing altar of Pakellas.
    38 | D        | Found a stormy altar of Qazlal.
    38 | D        | Found an opulent altar of Gozag.
    40 | D        | Became a worshipper of Vehumet
   115 | D        | Reached XP level 2. HP: 15/15 MP: 6/8
   118 | D        | Reached * piety under Vehumet
   118 | D        | Offered knowledge of Sandblast by Vehumet.
   118 | D        | Reached skill level 5 in Fire Magic
   142 | D        | Reached ** piety under Vehumet
   158 | D        | Reached skill level 6 in Fire Magic
   158 | D        | Reached XP level 3. HP: 7/19 MP: 3/10
   163 | D        | Learned a level 3 spell: Conjure Flame
   167 | D        | Learned a level 3 spell: Inner Flame
   352 | D        | Noticed a sky beast
   352 | D        | Noticed a hungry ghost
   353 | D        | Noticed a sky beast
   385 | D        | Killed a sky beast
   385 | D        | Offered knowledge of Magic Dart by Vehumet.
   385 | D        | Reached skill level 5 in Dodging
   385 | D        | Reached skill level 1 in Hexes
   385 | D        | Reached skill level 8 in Fire Magic
   385 | D        | Reached XP level 4. HP: 22/24 MP: 1/14
   392 | D        | Killed a sky beast
   392 | D        | Reached *** piety under Vehumet
   392 | D        | Reached skill level 9 in Fire Magic
   392 | D        | Reached XP level 5. HP: 26/28 MP: 3/17
   392 | D        | Killed a hungry ghost
   392 | D        | Reached skill level 1 in Fighting
   392 | D        | Reached skill level 10 in Fire Magic
   392 | D        | Reached XP level 6. HP: 30/34 MP: 3/20
   395 | D        | Learned a level 1 spell: Magic Dart
   422 | D        | Reached **** piety under Vehumet
   422 | D        | Offered knowledge of Ignite Poison by Vehumet.
   422 | D        | Reached skill level 11 in Fire Magic
   429 | D        | Learned a level 4 spell: Sticky Flame
   435 | D        | Learned a level 5 spell: Fireball
   448 | D        | Gained mutation: You tend to lose your temper in combat. [mutagenic meat]
   449 | D        | Gained mutation: You are partially covered in molten scales (AC +1). [mutagenic meat]
   450 | D        | Gained mutation: You have large cloven feet. [mutagenic meat]
   451 | D        | Gained mutation: You often lose your temper in combat. [mutagenic meat]
   533 | D        | Noticed an unseen horror
   534 | D        | Killed an unseen horror
   534 | D        | Reached skill level 1 in Polearms
   534 | D        | Reached skill level 5 in Conjurations
   534 | D        | Reached skill level 12 in Fire Magic
   534 | D        | Reached XP level 7. HP: 25/40 MP: 8/23
   655 | D        | Offered knowledge of Stone Arrow by Vehumet.
   655 | D        | Reached XP level 8. HP: 44/44 MP: 16/25
   660 | D        | Reached ***** piety under Vehumet
   754 | D        | Noticed an eye of devastation
   784 | D        | Killed an eye of devastation
   787 | D        | Reached skill level 13 in Fire Magic
   903 | D        | Noticed a molten gargoyle
   911 | D        | Killed a molten gargoyle
   978 | D        | Learned a level 3 spell: Stone Arrow
  1028 | D        | Offered knowledge of Airstrike by Vehumet.
  1029 | D        | Noticed a bog body
  1040 | D        | Learned a level 4 spell: Airstrike
  1051 | D        | Killed a bog body
  1051 | D        | Offered knowledge of Lightning Bolt by Vehumet.
  1051 | D        | Reached skill level 10 in Dodging
  1051 | D        | Reached skill level 5 in Hexes
  1051 | D        | Reached XP level 9. HP: 49/49 MP: 1/27
  1188 | D        | Reached skill level 1 in Air Magic
  1227 | D        | Reached ****** piety under Vehumet
  1227 | D        | Offered knowledge of Delayed Fireball by Vehumet.
  1227 | D        | Reached skill level 14 in Fire Magic
  1241 | D        | Learned a level 7 spell: Delayed Fireball
  1312 | D        | Noticed a fire crab
  1312 | D        | Noticed a freezing wraith
  1312 | D        | Noticed a hill giant
  1322 | D        | Engulfed by a fire crab's flame

Vault maps used:
D:        pitsprint

Skill      XL: |  1  2  3  4  5  6  7  8  9 |
---------------+----------------------------+-----
Fire Magic     | 4 6 8 9 10 12 13 14 | 14.0
Dodging        | 3 5 6 8 10 | 10.2
Spellcasting   | 4 6 7 9 11 12 13 | 13.4
Conjurations   | 2 3 5 6 7 8 |  8.3
Hexes          | 1 2 4 5 |  5.1
Fighting       | 1 2 |  2.8
Polearms       | 1 2 |  2.3
Air Magic      | 1 |  1.6
Stealth        | |  2.7

Action                   |  1- 3 |  4- 6 |  7- 9 || total
-------------------------+-------+-------+-------++-------
Melee: Trident           |     7 |    14 |    12 ||    33
 Cast: Flame Tongue      |    25 |     4 |     6 ||    35
       Inner Flame       |     2 |     1 |     4 ||     7
       Conjure Flame     |     2 |     1 |     3 ||     6
       Magic Dart        |       |     9 |       ||     9
       Sticky Flame      |       |     1 |     7 ||     8
       Fireball          |       |       |    13 ||    13
       Airstrike         |       |       |     5 ||     5
       Stone Arrow       |       |       |     3 ||     3
       Delayed Fireball  |       |       |     1 ||     1
Evoke: Staff of energy   |     8 |     4 |    11 ||    23
  Use: Scroll            |     1 |       |     1 ||     2
       Potion            |     1 |       |     6 ||     7
 Stab: Sleeping          |       |     1 |       ||     1
  Eat: Chunk             |       |     4 |     1 ||     5
       Bread ration      |       |       |     1 ||     1
